Unix NetHack Version 3.7.0-59 Work-in-progress - last build Jun 15 2022 12:00:05 (ba19de5de9b105df43ec81f7b8aaf5e01ff60ae8,branch:master). Game began 2022-06-17 07:40:19, ended 2022-06-17 11:44:51. bezaban, neutral male human Tourist --------------- ------- ------ |(|..|....)...----.....-- ----- |((..|-- ---- ||-.)-..{...|......--...| ---...--- |..(.-.| -------..-- |..))|.....--------|....| ------.......- |.!..|.| |.........-----+- -------|--.| ------|..... |..--.........---------.--+-- --..............| |...|.| |.](.|-...|. |.......G...---...[.........----....{.[.(.----- |...|.| |(((.-.).-| |-....).....--..-----.---|-...............-..| -------.| |((..|-...- |.....|....-|...).--|..|..|--..|.........-|..| |.......| ------|....|.. |..--.|...---..|...-|.(|..|-...|-...---.------ --------------- |--....------|.|-......---...-------....--------|--- |...|(..)!...(| |.......- |..|)|---...........|...|........| |....| --..|.........|--|....{...||..|.| -----Ge.....|...---......-- |..(.| --..--|--------..|-.....).-|..-.| -f@---..|..........|..| ------ |...).......)..).--......).----.| |f| ---|.....|....|..----- -+--.[.[....--|-.....-+---).....| |.| --...----..|....|.---- ---..-|--|..|---..| ------.+ ---|--- ----- ---|.........|-- |.-|...|..| ---- --- |.....| ---- ----.....-|.-- -+----.--.---.-- |.._..| |..|---------.|...)|..-- |.......).....| |...)[| |..--.)...)...|---.....| --------------- ------- --.......------ ---..<| --------- ----- Bezaban the Sightseer St:13 Dx:10 Co:18 In:11 Wi:9 Ch:15 Neutral Dlvl:6 $:0 HP:0(50) Pw:12(12) AC:-1 Xp:4/138 T:8255 Burdened Latest messages: You hear crashing rock. You hear crashing rock. The large cat drops an uncursed +0 pair of hard shoes. You hear crashing rock. The large cat picks up an uncursed +0 pair of hard shoes. The large cat drops an uncursed +0 pair of hard shoes. Miley misses the rock mole. Miley misses the rock mole. Miley misses the rock mole. Miley misses the rock mole. Miley misses the rock mole. Miley misses the rock mole. Miley misses the rock mole. Miley misses the rock mole. The rock mole misses! Miley misses the rock mole. The large cat picks up an uncursed +0 pair of hard shoes. Miley misses the rock mole. Miley misses the rock mole. Miley misses the rock mole. Miley misses the rock mole. Miley misses the rock mole. Miley bites the rock mole. The rock mole misses Miley. Miley misses the rock mole. Miley bites the rock mole. The rock mole is killed! Miley eats a rock mole corpse. The gnome king hurls a swirly potion! The flagon crashes on your head and breaks into shards. The swirly potion evaporates. It suddenly gets dark. The gnome king hits! The gnome king hits! You can see again. Miley picks up a rock. Miley misses the floating eye. Miley is frozen by the floating eye's gaze! The gnome king thrusts his short sword. The gnome king hits! The gnome king thrusts his short sword. The gnome king hits! The gnome king thrusts his short sword. The gnome king hits! You die... Do you want your possessions identified? [ynq] (y) Do you want to see your attributes? [ynq] (y) Do you want an account of creatures vanquished? [ynaq] (y) Do you want to see your conduct and achievements? [ynq] (y) Do you want to see the dungeon overview? [ynq] (y) Major events: Turn 1: bezaban the neutral male human Tourist entered the dungeon 1083: entered the Gnomish Mines 1736: attained the rank of Sightseer (level 3) 2400: reached Mine Town 8255: killed by a gnome king, while frozen by a floating eye's gaze Inventory: Amulets u - an uncursed amulet versus poison Weapons n - 14 +2 darts (at the ready) G - 3 +2 darts A - 2 +0 elven daggers (wielded) Armor N - an uncursed rusty +0 dwarvish iron helm (being worn) w - a cursed -1 pair of gauntlets of dexterity f - an uncursed +0 pair of high boots (being worn) S - an uncursed +0 small shield (being worn) J - an uncursed +1 dwarvish cloak (being worn) k - an uncursed +0 Hawaiian shirt with a hibiscus flower motif (being worn) C - a blessed +1 elven mithril-coat (being worn) Comestibles z - a cursed slime mold b - 6 uncursed food rations M - a cursed lembas wafer T - 2 cursed melons X - an uncursed orange V - a cursed tripe ration t - an uncursed tin of broiled goblin meat r - 2 uncursed tins of pickled goblin meat c - 2 uncursed eggs x - an uncursed egg R - a cursed egg Y - an uncursed floating eye corpse Rings L - a cursed -4 ring of increase accuracy (on right hand) Tools a - an uncursed sack containing 46 items m - an uncursed credit card P - a cursed magic lamp W - an uncursed tin whistle Contents of the sack: 782 gold pieces an uncursed scroll of blank paper 7 cursed scrolls of blank paper a cursed scroll of charging a cursed scroll of destroy armor a cursed scroll of enchant armor 2 cursed scrolls of enchant weapon a cursed scroll of food detection a cursed scroll of gold detection 4 uncursed scrolls of identify a cursed scroll of identify 4 uncursed scrolls of magic mapping 2 cursed scrolls of remove curse an uncursed scroll of taming 2 uncursed scrolls of teleportation a cursed potion of full healing an uncursed diluted potion of gain ability a cursed potion of gain ability a cursed potion of gain level a blessed potion of healing an uncursed potion of healing 2 cursed potions of invisibility a cursed potion of monster detection a cursed potion of object detection an uncursed diluted potion of restore ability a cursed potion of restore ability a cursed potion of see invisible a blessed potion of sickness an uncursed potion of speed an uncursed ring of aggravate monster an uncursed +1 ring of increase accuracy a cursed ring of slow digestion a cursed wand of digging (0:6) a cursed wand of lightning (0:5) a wand of magic missile (0:3) a wand of magic missile (0:1) a cursed wand of nothing (0:11) a cursed wand of opening (0:4) a cursed wand of polymorph (0:5) a cursed wand of polymorph (0:3) a cursed wand of secret door detection (0:12) a cursed wand of secret door detection (0:10) a wand of striking (0:5) a wand of teleportation (0:2) a wand of undead turning (0:4) an uncursed figurine of a floating eye Bezaban the Tourist's attributes: Background: You were a Sightseer, a level 4 male human Tourist. You were neutral, on a mission for The Lady who was opposed by Blind Io (lawful) and Offler (chaotic). You were in the Gnomish Mines, on level 6. You entered the dungeon 8255 turns ago. You had 138 experience points, 22 more were needed to attain level 5. Basics: You had 0 out of 50 hit points. You had all 12 energy points (spell power). Your armor class was -1. Your wallet was empty. Autopickup was on for '$!?/"=%' plus thrown, with exceptions. Final Characteristics: Your strength was 13 (limit:18/100). Your dexterity was 10 (limit:18). Your constitution was 18 (limit:18). Your intelligence was 11 (limit:18). Your wisdom was 9 (limit:18). Your charisma was 15 (limit:18). Final Status: You were not hungry. You were burdened; movement was slightly slowed. You were wielding daggers. You had basic skill with dagger. Final Attributes: You were piously aligned. You were telepathic. You had a moderate penalty to hit (-4). You were guarded. You are dead. Miscellaneous: You encountered 1 bones level. Total elapsed playing time was 1 hour, 29 minutes and 24 seconds. Vanquished creatures: a ghost a small mimic 4 watchmen a leprechaun a giant spider a dwarf mummy a gold golem 2 dogs a jaguar a gnome mummy an imp a Mordor orc an Uruk-hai a rock piercer a rock mole a fog cloud a yellow light 2 shriekers 6 gnome leaders 4 gnomish wizards a guardian naga hatchling a gray ooze an elf zombie a straw golem a giant ant a little dog 3 floating eyes a kitten 7 dwarves 2 homunculi a kobold leader a kobold shaman 2 hill orcs 3 rothes a rabid rat 3 giant bats 5 orc zombies a dwarf zombie 3 werejackals 2 iguanas 6 coyotes 4 gas spores 5 hobbits 2 manes 3 large kobolds a hobgoblin 2 giant rats 2 cave spiders 2 yellow molds a red mold 20 gnomes 7 garter snakes 4 geckos 6 jackals 2 foxes 2 kobolds 3 goblins 3 sewer rats 17 grid bugs a bat 5 lichens a kobold zombie 10 newts 183 creatures vanquished. No species were genocided or became extinct. Voluntary challenges: You read items or engraved 27 times. You engraved Elbereth 13 times. You never genocided any monsters. You never polymorphed an object. You never changed form. You used no wishes. Achievements: You entered the Gnomish Mines. You attained the rank of Sightseer. You entered Minetown. You entered a shop. You entered a temple. The Dungeons of Doom: levels 1 to 7 Level 1: Level 2: Level 3: A general store, a sink. Stairs down to The Gnomish Mines. Level 4: Many fountains. Level 5: Level 6: Level 7: Many fountains, a grave. Final resting place for Mishka-Val-Dwa-Fem-Law, killed by a jaguar, Mishka-Val-Dwa-Fem-Law, killed by a dingo. The Gnomish Mines: levels 4 to 6 Level 4: Level 5: Level 6: <- You were here. Many shops, a temple, many fountains. Final resting place for you, killed by a gnome king, while frozen by a floating eye's gaze. Game over: ---------- / \ / REST \ / IN \ / PEACE \ / \ | bezaban | | 782 Au | | killed by a | | gnome king | | | | | | 2022 | *| * * * | * _________)/\\_//(\/(/\)/\//\/|_)_______ Aloha bezaban the Tourist... You died in The Gnomish Mines on dungeon level 6 with 1344 points, and 782 pieces of gold, after 8255 moves. You were level 4 with a maximum of 50 hit points when you died.